 Dungeon Crawl Stone Soup version 0.21-a0-196-g6a663c0 (webtiles) character file.

256 namelastname112 the Skirmisher (level 5, 0/52 HPs)
             Began as a Draconian Wanderer on Aug 15, 2017.
             Slain by an adder (6 damage)
             ... on level 3 of the Dungeon.
             The game lasted 00:02:38 (1841 turns).

namelastname112 the Skirmisher (Draconian Wanderer) Turns: 1841, Time: 00:02:39

Health: 0/52       AC:  6    Str: 18    XL:     5   Next: 92%
Magic:  5/5        EV: 13    Int: 10    God:
Gold:   81         SH:  0    Dex: 10    Spells: 4/4 levels left

rFire    . . .     SeeInvis .   c - +3 quarterstaff (chaos)
rCold    . . .     Gourm    .   (shield currently unavailable)
rNeg     . . .     Faith    .   (armour unavailable)
rPois    .         Spirit   .   (helmet restricted)
rElec    .         Reflect  .   i - +0 cloak
rCorr    .         Harm     .   (no gloves)
MR       .....                  (no boots)
Stlth    +.........             (no amulet)
HPRegen  0.17/turn              (no ring)
MPRegen  0.09/turn              (no ring)

@: no status effects
A: unfitting armour, cold-blooded, AC +5
a: no special abilities


You were on level 3 of the Dungeon.
You were not hungry.

You visited 1 branch of the dungeon, and saw 3 of its levels.

You collected 81 gold pieces.

Inventory:

Hand Weapons
 c - a +3 quarterstaff of chaos (weapon)
 g - a +2 antimagic dagger
Armour
 i - a +0 cloak (worn)
Scrolls
 b - a scroll of teleportation {unknown}
Potions
 a - a potion of invisibility {unknown}
 h - a potion of ambrosia {unknown}
Comestibles
 f - 3 bread rations


   Skills:
 + Level 7.2 Fighting
   Level 2.9 Crossbows
 + Level 3.3 Dodging
 - Level 1.0 Stealth
   Level 1.0 Evocations


You had 4 spell levels left.
You didn't know any spells.

Dungeon Overview and Level Annotations

Branches:
Dungeon (3/15)

Altars:
Ashenzari
Nemelex Xobeh
Ru
Zin


Innate Abilities, Weirdness & Mutations

Your plain brown scales are hard. (AC +5)
You cannot fit into any form of body armour.
You are cold-blooded and may be slowed by cold attacks.


Message History

You completely miss something. Something bites you but does no damage.
The orc barely misses you. Something bites you but does no damage.
The orc hits you but does no damage. The hobgoblin hits you with a club.
* * * LOW HITPOINT WARNING * * *
The orc hits you but does no damage. Something bites you but does no damage.
You take 3 damage, and have 6/52 hp.
You feel better. The orc hits you but does no damage. Something bites you.
* * * LOW HITPOINT WARNING * * *
The hobgoblin hits you but does no damage.
The orc hits you but does no damage.
You regained 5 hp, and now have 11/52 hp.
You closely miss something. Something bites you.
* * * LOW HITPOINT WARNING * * *
Something bites you but does no damage. The orc hits you but does no damage.
The hobgoblin barely misses you. Something bites you.
* * * LOW HITPOINT WARNING * * *
The orc misses you. The orc closely misses you.
You take 5 damage, and have 6/52 hp.
You miss something. Something bites you.
You die...

#####
#########......
......o@{s.....
.###..o)g......
#......?....#
#..##.......#
#.. ........#
#. #.....##. .
....... ##
#..##.##


You could see 2 orcs, a giant cockroach and a hobgoblin.

Vanquished Creatures
  An orc priest (D:2)
  2 orc wizards (D:3)
  Crazy Yiuf (D:2)
  7 adders (D:2)
  An ooze (D:1)
  2 worms (D:2)
  2 dart slugs
  3 leopard geckos
  2 orcs (D:2)
  10 bats
  5 giant cockroaches
  7 goblins
  5 hobgoblins
  3 jackals (D:1)
  5 kobolds
  A quokka (D:2)
  A frilled lizard (D:1)
  6 rats
64 creatures vanquished.

Notes
Turn   | Place    | Note
-------+----------+-------------------------------------------
     0 | D:1      | namelastname112 the Draconian Wanderer began the quest for the Orb.
     0 | D:1      | namelastname112 set off with: a +2 hand crossbow, 19 bolts, a potion of lignification, a potion of curing, a bread ration
     0 | D:1      | Reached XP level 1. HP: 23/23 MP: 1/1
   100 | D:1      | Reached XP level 2. HP: 26/29 MP: 2/2
   200 | D:1      | Reached skill level 1 in Dodging
   300 | D:1      | Reached XP level 3. HP: 34/37 MP: 3/3
   468 | D:1      | Reached skill level 6 in Fighting
   726 | D:2      | Reached XP level 4. HP: 41/44 MP: 4/4
  1050 | D:2      | Found a shattered altar of Ashenzari.
  1205 | D:2      | Found a glowing silver altar of Zin.
  1228 | D:2      | Found a runed door.
  1350 | D:2      | Found a sacrificial altar of Ru.
  1353 | D:2      | Found a sparkling altar of Nemelex Xobeh.
  1390 | D:2      | Reached XP level 5. HP: 39/51 MP: 1/5
  1476 | D:2      | Noticed Crazy Yiuf
  1481 | D:2      | Killed Crazy Yiuf
  1829 | D:3      | Reached skill level 7 in Fighting
  1841 | D:3      | Slain by an adder

Vault maps used:
D:1:      eino_arrival_tree_alley, st_stairs_1, serial_park_tiny_2
D:2:      minitemple, zin_statuary, kennysheep_generic_room_10,
          uniq_crazy_yiuf_cottage

Skill      XL: |  1  2  3  4  5 |
---------------+----------------+-----
Dodging        | 1 2 3 |  3.3
Fighting       | 6 7 |  7.2
Crossbows      | |  2.9
Stealth        | |  1.0
Evocations     | |  1.0

Action                   |  1- 3 |  4- 6 || total
-------------------------+-------+-------++-------
Melee: Dagger            |   135 |    88 ||   223
       Tailslap          |    11 |    17 ||    28
       Quarterstaff      |       |    21 ||    21
       Unarmed           |       |     2 ||     2
 Fire: Hand crossbow     |     7 |       ||     7
  Use: Potion            |       |     3 ||     3
 Stab: Sleeping          |     1 |     1 ||     2
  Eat: Chunk             |       |     3 ||     3
Armor: Skin              |    62 |    52 ||   114
Dodge: Dodged            |   123 |    85 ||   208
